 Dungeon Crawl Stone Soup version 0.30-a0-283-gf371ce1921 (webtiles) character file.

Game seed: 12797030899023539883

431 Ijustatesigmund the Shield-Bearer (level 6, -4/53 HPs)
             Began as a Gnoll Fighter on Oct 17, 2022.
             Slain by an ogre
             ... wielding a +0 giant club
              (21 damage)
             ... on level 4 of the Dungeon.
             The game lasted 00:06:28 (3379 turns).

Ijustatesigmund the Shield-Bearer (Gnoll Fighter)   Turns: 3379, Time: 00:06:28

Health: -4/53      AC: 14    Str: 17    XL:     6   Next: 99%
Magic:  9/9        EV:  7    Int:  8    God:
Gold:   196        SH:  5    Dex: 11    Spells: 9/9 levels left

rFire   . . .      SeeInvis .    e - +2 hammer (holy)
rCold   . . .      Faith    .    c - +0 buckler
rNeg    + . .      Spirit   .    b - +0 chain mail
rPois   .          Reflect  .    (no helmet)
rElec   .          Harm     .    o - +0 cloak
rCorr   .          Rampage  .    (no gloves)
Will    .....                    l - +1 pair of boots
Stlth   ..........               (no amulet)
HPRegen 0.28/turn                i - ring of positive energy
MPRegen 0.11/turn                (no ring)

@: no status effects
A: fangs 1, strong nose, distributed training
a: no special abilities


You were on level 4 of the Dungeon.
You visited 1 branch of the dungeon, and saw 4 of its levels.
You also visited: Sewer.

You collected 196 gold pieces.

Inventory:

Hand Weapons
 a - a +0 war axe
 e - a +2 hammer of holy wrath (weapon)
Missiles
 k - 6 boomerangs of dispersal (quivered)
Armour
 b - a +0 chain mail (worn)
 c - a +0 buckler (worn)
 d - a +0 troll leather armour {Pargi}
 l - a +1 pair of boots (worn)
 o - a +0 cloak (worn)
Jewellery
 i - a ring of positive energy (left hand)
 m - a ring of ice
Scrolls
 q - 3 scrolls of fear
 u - a scroll of teleportation {unknown}
Potions
 f - 2 potions of attraction
 g - a potion of lignification {unknown}
 h - a potion of flight {unknown}
 j - a potion of heal wounds {unknown}
 n - a potion of magic {unknown}
 p - a potion of might
 r - a potion of cancellation {unknown}
 s - a potion of haste
 t - a potion of degeneration {unknown}


   Skills:
 + Level 6.9 Fighting
 + Level 2.2 Short Blades
 + Level 2.2 Long Blades
 + Level 5.1 Axes
 + Level 2.2 Maces & Flails
 + Level 2.2 Polearms
 + Level 2.2 Staves
 + Level 2.2 Ranged Weapons
 + Level 2.2 Throwing
 + Level 6.9 Armour
 + Level 2.2 Dodging
 + Level 2.2 Stealth
 + Level 6.9 Shields
 + Level 2.2 Unarmed Combat
 + Level 2.2 Spellcasting
 + Level 1.8 Conjurations
 + Level 1.8 Hexes
 + Level 1.8 Summonings
 + Level 1.8 Necromancy
 + Level 1.8 Translocations
 + Level 1.8 Transmutations
 + Level 1.8 Fire Magic
 + Level 1.8 Ice Magic
 + Level 1.8 Air Magic
 + Level 1.8 Earth Magic
 + Level 1.8 Poison Magic
 + Level 2.5 Invocations
 + Level 2.2 Evocations


You had 9 spell levels left.
You didn't know any spells.
Your spell library was empty.

Dungeon Overview and Level Annotations

Branches:
Dungeon (4/15)              Sewer (visited)
 Temple: D:4-7

Altars:
Ashenzari
Vehumet


Innate Abilities, Weirdness & Mutations

You have very sharp teeth.
Your uncanny sense of smell can sniff out nearby items.
Your experience applies equally to all skills.


Message History

The goblin barely misses you.
You sock the goblin!
You kill the goblin!
No target in view!
No target in view!
No target in view!
No target in view!
No target in view!
Things that are here:
a +0 dagger; a goblin corpse You now have 196 gold pieces (gained 7).
u - a scroll labelled BOELEO LYOMIBB An ogre comes into view.
It is wielding a +0 giant club.
The ogre shouts!
The ogre hits you with a +0 giant club!!
You sock the ogre! You bite the ogre.
The ogre is moderately wounded.
The ogre barely misses you.
You hit the ogre.
The ogre is heavily wounded.
You block the ogre's attack.
You hit the ogre.
The ogre is severely wounded.
The ogre hits you with a +0 giant club!
You are too injured to fight recklessly!
You are too injured to fight recklessly!
You are too injured to fight recklessly!
You are too injured to fight recklessly!
You are too injured to fight recklessly!
You are too injured to fight recklessly!
You are too injured to fight recklessly!
You hit the ogre.
The ogre is almost dead.
You hit the ogre but do no damage.
The ogre is almost dead.
The ogre hits you but does no damage.
You hit the ogre. You bite the ogre, but do no damage.
The ogre is almost dead.
The ogre hits you with a +0 giant club!!
You die...

.....##.....##.........#
#.###.#
#.....................#
##.#.##
.#..).#.###.#..........#
#.#.#.#
.#............#..#.....#
##.#.##
.....##.....##..###....#
#.###.#
.#.#...........##......#
##.#.##
...#.#.#...#.#..##..####
#.#.#.#
.......#.#.#...O#..##
##.#.##
....##.......##.@..#
#.###.#
.........#......#...#
##.#.##
###.#....#....###......#
#.#.#.# .........#.....
##.....# ##.#.##
....##)....(.##........#
#.###.# .......#.#.#...
.......# ##.#.##
...#.#.#...#.## ......##
#.#.#.# .#.#..........#
....... ##.#.##
.....##.....####.......
#.###.#


You could see an ogre.

Vanquished Creatures
  Pargi (Sewer)
  A scorpion (D:4)
  An orc priest (D:4)
  Crazy Yiuf (D:3)
  An orc wizard (D:3)
  Terence (D:3)
  3 gnolls (D:3)
  4 adders
  3 worms
  2 dart slugs
  11 orcs
  12 ball pythons
  An endoplasm (D:4)
  A giant cockroach (D:2)
  8 goblins
  7 hobgoblins
  2 quokkas
  14 bats
  6 frilled lizards
  11 kobolds
  5 rats
96 creatures vanquished.

Notes
Turn   | Place    | Note
-------+----------+-------------------------------------------
     0 | D:1      | Ijustatesigmund the Gnoll Fighter began the quest for the
                  | Orb.
     0 | D:1      | Reached XP level 1. HP: 23/23 MP: 1/1
   147 | D:1      | Reached XP level 2. HP: 29/29 MP: 2/2
   459 | D:1      | Reached XP level 3. HP: 35/35 MP: 3/3
   700 | D:2      | Reached skill level 1 in Invocations
   940 | D:2      | Reached skill level 1 in Short Blades
   940 | D:2      | Reached skill level 1 in Long Blades
   940 | D:2      | Reached skill level 1 in Maces & Flails
   940 | D:2      | Reached skill level 1 in Polearms
   940 | D:2      | Reached skill level 1 in Staves
   940 | D:2      | Reached skill level 1 in Ranged Weapons
   940 | D:2      | Reached skill level 1 in Throwing
   940 | D:2      | Reached skill level 1 in Dodging
   940 | D:2      | Reached skill level 1 in Stealth
   940 | D:2      | Reached skill level 1 in Unarmed Combat
   940 | D:2      | Reached skill level 1 in Spellcasting
   940 | D:2      | Reached skill level 1 in Evocations
  1084 | D:2      | Found a broken altar of Ashenzari.
  1091 | D:2      | Identified the +1 dagger "Cex Dine" {chaos, Will++ Str-4
                  | Dex+4}
  1125 | D:2      | Reached XP level 4. HP: 41/41 MP: 5/5
  1721 | D:3      | Found a runed translucent door.
  1724 | D:3      | Noticed Crazy Yiuf
  1731 | D:3      | Killed Crazy Yiuf
  1732 | D:3      | Reached skill level 1 in Conjurations
  1732 | D:3      | Reached skill level 1 in Hexes
  1732 | D:3      | Reached skill level 1 in Summonings
  1732 | D:3      | Reached skill level 1 in Necromancy
  1732 | D:3      | Reached skill level 1 in Translocations
  1732 | D:3      | Reached skill level 1 in Transmutations
  1732 | D:3      | Reached skill level 1 in Fire Magic
  1732 | D:3      | Reached skill level 1 in Ice Magic
  1732 | D:3      | Reached skill level 1 in Air Magic
  1732 | D:3      | Reached skill level 1 in Earth Magic
  1732 | D:3      | Reached skill level 1 in Poison Magic
  1806 | D:3      | Found a faded altar of an unknown god.
  1887 | D:3      | Found a glowing drain.
  1898 | Sewer    | Entered a sewer
  1936 | Sewer    | Reached XP level 5. HP: 45/47 MP: 7/7
  1949 | Sewer    | Noticed Pargi
  1956 | Sewer    | Killed Pargi
  1991 | Sewer    | Reached XP level 6. HP: 53/53 MP: 8/8
  2128 | D:3      | Noticed Terence
  2138 | D:3      | Killed Terence
  2202 | D:3      | Reached skill level 5 in Axes
  2519 | D:3      | Found a radiant altar of Vehumet.
  3379 | D:4      | Slain by an ogre

Illustrated notes

Levels and vault maps discovered:
D:1:      moated_graveyard_arrival, layout_loops_ring
D:2:      layout_loops_ring, basic_altar, hangedman_glass_teeth
D:3:      layout_loops_ring, nicolae_vehumet_altar_sigil, portal_sewer_entry_d,
          hellmonk_ecumenical_altar_pennies_from_heaven, uniq_terence,
          uniq_crazy_yiuf_cottage
D:4:      nicolae_cairo_tiling_large_dashed, layout_cave_pools,
          minmay_shop_grid_forest, roderic_roman_lattice, kennysheep_donut

Skill      XL: |  1  2  3  4  5  6 |
---------------+-------------------+-----
Invocations    | 1 2 |  2.5
Short Blades   | 1 2 |  2.2
Long Blades    | 1 2 |  2.2
Maces & Flails | 1 2 |  2.2
Polearms       | 1 2 |  2.2
Staves         | 1 2 |  2.2
Ranged Weapons | 1 2 |  2.2
Throwing       | 1 2 |  2.2
Dodging        | 1 2 |  2.2
Stealth        | 1 2 |  2.2
Unarmed Combat | 1 2 |  2.2
Spellcasting   | 1 2 |  2.2
Evocations     | 1 2 |  2.2
Conjurations   | 1 |  1.8
Hexes          | 1 |  1.8
Summonings     | 1 |  1.8
Necromancy     | 1 |  1.8
Translocations | 1 |  1.8
Transmutations | 1 |  1.8
Fire Magic     | 1 |  1.8
Ice Magic      | 1 |  1.8
Air Magic      | 1 |  1.8
Earth Magic    | 1 |  1.8
Poison Magic   | 1 |  1.8
Axes           | 5 |  5.1
Fighting       | |  6.9
Armour         | |  6.9
Shields        | |  6.9

Action                   |  1- 3 |  4- 6 || total
-------------------------+-------+-------++-------
Melee: War axe           |   116 |    25 ||   141
       Bite              |    11 |    15 ||    26
       Mace              |       |   167 ||   167
  Use: Scroll            |     4 |     2 ||     6
       Potion            |       |     2 ||     2
Armor: Scale mail        |    46 |       ||    46
       Chain mail        |       |   172 ||   172
Dodge: Dodged            |    65 |    76 ||   141
Block: Buckler           |    29 |    60 ||    89

Table legend: (Time is in decaauts)
 A = Elapsed time spent in this place.
 B = Non-inter-level travel time spent in this place.
 C = Inter-level travel time spent in this place.
 D = Time resting spent in this place.
 E = Time spent auto-exploring this place.
 F = Levels seen in this place.
 G = Mean time per level.
                   A        B        C        D        E       F      G
               +--------+--------+--------+--------+--------+-----+--------+
         Total |   3507 |   3433 |     74 |    378 |   2252 |   5 |  701.4 |
       Dungeon |   3282 |   3208 |     74 |    378 |   2116 |   4 |  820.5 |
         Sewer |    225 |    225 |      0 |      0 |    136 |   1 |  225.0 |
               +--------+--------+--------+--------+--------+-----+--------+

Top non-repeatable levels by time:
     D:3: 1139 daAuts
     D:2: 989 daAuts
     D:1: 679 daAuts
     D:4: 473 daAuts
   Sewer: 225 daAuts
